Map: Forêt cybernétique EC

Players

PirateEdea - Winner!

  • Race: Zerg Zerg
  • League: Diamond
  • Spawn Location: 5:00

Sorandom

  • Race: Protoss Protoss
  • League: Diamond
  • Spawn Location: 11:00

VOD

Have the link to the VOD?

Description

Time

  • Played on: April 4, 2019, 3:32 p.m.
  • Length: 7:15
Show
View Real Time Build Order
Export as new Build Order

PirateEdea Zerg - Winner!

Build Orders: Hatch First 

Get SALT Encoding   

  12  0:01  Drone  
  13  0:10  Drone  
  14  0:16  Overlord  
  14  0:25  Extractor, Drone  
  15  0:35  Drone x2  
  17  0:53  Hatchery  
  17  0:56  Drone  
  17  0:59  Extractor  
  17  1:00  Drone  
  17  1:15  Spawning Pool  
  17  1:17  Drone  
  17  1:21  Drone  
  18  1:28  Drone  
  19  1:38  Drone  
  20  1:48  Overlord  
  20  2:02  Metabolic Boost  
  20  2:03  Queen  
  20  2:05  Queen  
  20  2:07  Zergling x2  
  25  2:10  Zergling x2  
  25  2:13  Drone  
  27  2:16  Drone  
  27  2:21  Drone  
  29  2:26  Drone  
  30  2:31  Drone  
  31  2:37  Overlord  
  31  2:43  Queen  
  33  2:45  Drone  
  33  2:48  Drone  
  35  2:52  Drone  
  36  2:58  Drone  
  36  3:03  Drone  
  38  3:13  Overlord  
  38  3:16  Drone x2  
  38  3:17  Drone x4  
  44  3:23  Overlord  
  44  3:29  Overlord  
  43  3:51  Queen  
  43  3:55  Drone x4  
  48  3:56  Drone x3  
  48  3:57  Roach Warren  
  48  3:58  Hatchery  
  48  3:59  Extractor  
  49  4:03  Lair  
  49  4:28  Evolution Chamber  
  48  4:31  Evolution Chamber  
  47  4:40  Drone x10  
  47  4:41  Drone  
  58  4:46  Overlord  
  58  4:52  Overlord  
  58  4:53  Roach x2  
  62  5:04  Roach x2  
  66  5:09  Zerg Melee Weapons Level 1, Zerg Ground Armor Level 1  
  66  5:10  Overlord x2  
  66  5:11  Glial Reconstitution  
  66  5:12  Zergling x6  
  69  5:25  Zergling x10  
  69  5:26  Zergling x4  
  76  5:32  Zergling x4  
  77  5:47  Roach  
  77  5:48  Roach x3  
  85  5:59  Drone  
  85  6:02  Hydralisk Den  
  85  6:06  Zergling x22  
  89  6:19  Zergling x6  
  85  6:28  Zergling x2  
  85  6:29  Zergling x8  
  87  6:33  Roach x6  
  87  6:39  Zergling x6  
  90  6:50  Roach x4  
  97  6:55  Hatchery  
Show
View Real Time Build Order
Export as new Build Order

Sorandom Protoss 

Build Orders:  

Get SALT Encoding   

  12  0:03  Probe  
  13  0:11  Probe  
  13  0:20  Pylon  
  14  0:26  Assimilator  
  14  0:27  Probe  
  15  0:39  Probe  
  16  0:43  Gateway  
  16  0:51  Probe  
  17  1:17  Probe, Pylon  
  17  1:18  Gateway  
  17  1:25  Probe  
  19  1:34  Cybernetics Core  
  19  1:36  Probe  
  22  1:40  Zealot  
  23  2:01  Warp Gate  
  22  2:09  Nexus  
  22  2:16  Pylon  
  22  2:21  Stalker  
  22  2:22  Probe  
  25  2:39  Shield Battery  
  25  2:41  Probe  
  26  2:48  Stalker  
  28  2:53  Probe  
  29  3:00  Forge  
  29  3:05  Stalker  
  31  3:12  Probe  
  32  3:17  Assimilator  
  32  3:22  Probe  
  32  3:25  Gateway  
  33  3:36  Probe  
  34  3:44  Probe  
  34  3:52  Gateway  
  34  3:54  Gateway  
  35  3:58  Probe  
  36  4:05  Protoss Ground Weapons Level 1  
  36  4:19  Stalker  
  36  4:20  Stalker x2  
  42  4:26  Probe  
  42  4:27  Probe  
  44  4:34  Probe  
  45  4:40  Probe  
  45  4:42  Probe  
  45  4:43  Stalker  
  45  4:44  Stalker  
  50  4:50  Stalker  
  50  4:52  Probe  
  54  5:13  Pylon  
  54  5:14  Pylon  
  54  5:15  Pylon  
  54  5:26  Pylon  
  54  5:31  Probe x2  
  54  5:35  Stalker x4  
  62  5:39  Zealot  
  66  5:43  Probe  
  67  6:00  Zealot  
  67  6:01  Zealot x4  
  67  6:29  Pylon, Zealot x2  
  67  6:30  Zealot x3  
  54  6:53  Zealot x2  
  54  6:54  Zealot x3  
  52  6:57  Probe  
  52  7:01  Twilight Council  
Tags
 
Add a new tag
Caveats
  • Supply blocks, unpowered buildings, or Contaminate may cause inaccurate times.
  • Supply counts are checked every 10 seconds.